 Dungeon Crawl Stone Soup version 0.21.1-1-g345015f (webtiles) character file.

73957 vatarom the Thaumaturge (level 15, -5/117 HPs)
             Began as a Gnoll Skald on Apr 3, 2018.
             Was the Champion of Nemelex Xobeh.
             Slain by a red ugly thing (19 damage)
             ... on level 15 of the Dungeon.
             The game lasted 01:19:36 (26741 turns).

vatarom the Thaumaturge (Gnoll Skald)              Turns: 26741, Time: 01:19:37

Health: -5/117     AC: 14    Str: 18    XL:     15   Next: 45%
Magic:  23/30      EV: 19    Int: 19    God:    Nemelex Xobeh [******]
Gold:   959        SH: 11    Dex: 24    Spells: 12/36 levels left

rFire    . . .     SeeInvis .   P - +3 long sword (slice)
rCold    + . .     Gourm    +   D - +3 warlock's mirror {reflect}
rNeg     + + +     Faith    .   S - +6 scale mail "Quetoje" {rElec rN+++ MR- Int+3}
rPois    +         Spirit   .   M - +0 helmet
rElec    +         Reflect  +   (no cloak)
rCorr    .         Harm     .   B - +1 pair of gloves
MR       .....                  (no boots)
Stlth    ++++......             U - amulet of the gourmand
HPRegen  1.29/turn              X - ring "Woecsa" {*Contam +Inv rC+ Dex+6}
MPRegen  0.22/turn              A - ring of wizardry

@: shrouded, corroded, regenerating
A: distributed training, fangs 1, agile 1, poison resistance, strong nose
a: Triple Draw, Deal Four, Stack Five, Renounce Religion, Evoke Invisibility


You were on level 15 of the Dungeon.
You worshipped Nemelex Xobeh.
Nemelex Xobeh was exalted by your worship.
You were not hungry.

You visited 4 branches of the dungeon, and saw 24 of its levels.

You collected 2135 gold pieces.
You spent 1176 gold pieces at shops.

Inventory:

Hand Weapons
 P - a +3 long sword of slicing (weapon)
Missiles
 r - 6 javelins
 y - a throwing net (quivered)
Armour
 q - a +2 ring mail of poison resistance
 B - a +1 pair of gloves (worn)
 D - the +3 warlock's mirror (worn) {reflect}
   (You found it on level 13 of the Dungeon)
 M - a +0 helmet (worn)
 S - the +6 scale mail "Quetoje" (worn) {rElec rN+++ MR- Int+3}
   (You bought it in a shop on level 10 of the Dungeon)

   It affects your intelligence (+3).
   It insulates you from electricity.
   It renders you almost immune to negative energy.
   It affects your resistance to hostile enchantments.
Jewellery
 A - a ring of wizardry (right hand)
 U - an amulet of the gourmand (around neck)
 X - the ring "Woecsa" (left hand) {*Contam +Inv rC+ Dex+6}
   (You found it on level 3 of the Lair of Beasts)

   [ring of protection from cold]

   It affects your dexterity (+6).
   It protects you from cold.
   It lets you turn invisible.
   It causes magical contamination when unequipped.
Wands
 t - a wand of digging (32)
 C - a wand of iceblast (47)
Scrolls
 a - 3 scrolls of fear
 e - 7 scrolls of teleportation
 g - 8 scrolls of remove curse
 h - 2 scrolls of identify
 l - 7 scrolls of amnesia
 n - a scroll of holy word
 o - 3 scrolls of enchant weapon
 p - 5 scrolls of magic mapping
 u - 4 scrolls of enchant armour
 G - 3 scrolls of fog
 Y - a scroll of blinking
Potions
 i - 7 potions of curing
 j - 3 potions of cancellation
 m - a potion of magic
 w - 3 potions of flight
 x - 3 potions of brilliance
 E - a potion of invisibility
 H - a potion of resistance
 L - a potion of agility
 N - a potion of might
 Q - a potion of ambrosia
 T - 2 potions of haste
Miscellaneous
 b - a plain deck of summoning {drawn: 4}
 f - a legendary deck of destruction {drawn: 4}
 k - a legendary deck of summoning {drawn: 2}
 s - a legendary deck of escape {drawn: 1}
 v - a legendary deck of summoning {drawn: 5}
 z - an ornate deck of summoning {drawn: 3}
 F - a phial of floods
 I - a legendary deck of escape {drawn: 2}
 J - an ornate deck of escape {drawn: 2}
 K - an ornate deck of destruction {drawn: 6}
 O - an ornate deck of summoning {drawn: 2}
 R - an ornate deck of destruction {drawn: 2}
 V - an ornate deck of destruction
 W - an ornate deck of destruction {drawn: 3}
 Z - an ornate deck of escape
Comestibles
 d - 34 rations


   Skills:
 + Level 10.8 Fighting
 + Level 9.9 Short Blades
 + Level 10.8 Long Blades
 + Level 9.9 Axes
 + Level 9.9 Maces & Flails
 + Level 9.9 Polearms
 + Level 9.9 Staves
 + Level 9.9 Slings
 + Level 9.9 Bows
 + Level 9.9 Crossbows
 + Level 9.9 Throwing
 + Level 10.2 Armour
 + Level 10.8 Dodging
 + Level 9.9 Stealth
 + Level 9.9 Shields
 + Level 9.9 Unarmed Combat
 + Level 11.0 Spellcasting
 + Level 8.3 Conjurations
 + Level 8.3 Hexes
 + Level 10.0 Charms
 + Level 8.3 Summonings
 + Level 8.3 Necromancy
 + Level 8.3 Translocations
 + Level 8.3 Transmutations
 + Level 8.3 Fire Magic
 + Level 8.3 Ice Magic
 + Level 8.3 Air Magic
 + Level 8.3 Earth Magic
 + Level 8.3 Poison Magic
 + Level 10.7 Invocations
 + Level 9.9 Evocations


You had 12 spell levels left.
You knew the following spells:

 Your Spells              Type           Power        Failure   Level  Hunger
a - Infusion              Chrm           ####         1%          1    None
b - Shroud of Golubria    Chrm/Tloc      #####.....   1%          2    None
c - Song of Slaying       Chrm           #####...     1%          2    None
d - Spectral Weapon       Hex/Chrm       #####...     1%          3    None
e - Regeneration          Chrm/Necr      #####.....   1%          3    None
f - Ozocubu's Armour      Chrm/Ice       #####...     1%          3    None
g - Metabolic Englaciati  Hex/Ice        #####.....   6%          5    ####...
h - Confuse               Hex            #####...     1%          3    None
i - Blink                 Tloc           N/A          1%          2    None


Dungeon Overview and Level Annotations

Branches:
Dungeon (15/15)            Temple (1/1) D:7            Lair (6/6) D:9
 Shoals (0/4) Lair:3        Snake (0/4) Lair:2        Slime (0/5) Lair:6
    Orc (2/2) D:12            Elf (0/3) Orc:2        Vaults (0/5) D:13
 Depths: D:15

Altars:
Ashenzari
Cheibriados
Dithmenos
Fedhas
Gozag
Hepliaklqana
Kikubaaqudgha
Makhleb
Nemelex Xobeh
Okawaru
Qazlal
Ru
Sif Muna
Trog
Uskayaw
Vehumet
Wu Jian
Xom
Yredelemnul
Zin
The Shining One
Beogh

Shops:
D:8 :   D:10 [   D:12 ?   D:14 (   Orc:2 ***([

Annotations:
D:5 Kairos's ghost, novice HuFi
D:15 Kirke


Innate Abilities, Weirdness & Mutations

Your experience applies equally to all skills.
You have very sharp teeth.
Your uncanny sense of smell can sniff out nearby items.
You are agile. (Dex +2)
Your system is resistant to poisons. (rPois)


Message History

Unknown command.
You barely miss the green ugly thing. Your bite misses the green ugly thing.
The green ugly thing is almost dead.
Your spectral weapon hits the green ugly thing!
You kill the green ugly thing!
The red ugly thing engulfs you.
* * * LOW HITPOINT WARNING * * *
You are engulfed in flames!
* * * LOW HITPOINT WARNING * * *
Okay, then.
Okay, then.
Evoke which item? (* to show all) (? for menu, Esc to quit)
You draw a card...
It is the Tomb.
Walls emerge from the floor!
The red ugly thing engulfs you but does no damage.
Unknown command.
You swap places.
The red ugly thing engulfs you.
* * * LOW HITPOINT WARNING * * *
You are engulfed in flames!!
You die...
Your body glows with a rainbow of weird colours and disappears.

.. ...
########## .
..##........#
.. ...........#
... #.........#
....#.........#
.......###....#
#.u(#....#
#.#@#....#
#........#
#†.......#
###.####### .
#...# ... #.#†#
....###.#.#
.....†.u[.#
#####..#..#


You could see a red ugly thing and a friendly spectral long sword of slicing.

Vanquished Creatures
  3 vault guards (D:13)
  7 two-headed ogres
  A death knight (D:13)
  2 centaur warriors
  A vampire mage (D:15)
  Urug (D:14)
  A storm dragon zombie (D:15)
  The ghost of Agrougrou the Shield-Bearer, a novice FoFi of Okawaru (D:8)
  4 skeletal warriors (D:13)
  An unseen horror (D:11)
  3 wizards (D:13)
  An oklob plant (Lair:5)
  A necromancer (D:15)
  2 cyclopes
  4 ugly things
  3 black mambas
  3 centaur zombies
  An elephant (Lair:6)
  Maurice (D:13)
  7 spiny frogs
  12 komodo dragons
  A freezing wraith (D:14)
  4 rime drakes
  2 trolls
  A polar bear (shapeshifter) (D:14)
  2 wind drakes
  A harpy zombie (D:14)
  A polar bear (Lair:6)
  10 blink frogs
  A hornet (Lair:5)
  A dream sheep (Lair:2)
  7 hippogriffs
  7 slime creatures
  2 shadows (D:15)
  4 wraiths (D:10)
  6 wyverns
  25 yaks
  4 basilisks
  A golden eye (shapeshifter) (D:14)
  3 vampire mosquitoes (D:13)
  Menkaure (D:7)
  A steam dragon (D:11)
  4 nagas (Lair:2)
  Duvessa (D:4)
  An acid dragon (D:13)
  13 water moccasins
  3 porcupines
  4 ice beasts
  A hornet zombie (D:13)
  3 black bears
  4 eyes of draining
  21 orc warriors
  2 phantoms
  8 ogres
  A sky beast (D:12)
  4 wolves (Lair:2)
  10 crocodiles
  15 centaurs
  3 big kobolds
  13 bullfrogs
  A gnoll sergeant (D:10)
  Dowan (D:4)
  A wyvern skeleton (D:6)
  6 scorpions
  28 killer bees
  2 vampire bats (D:4)
  5 howler monkeys
  2 electric eels (D:11)
  9 hounds
  2 bullfrog zombies
  6 crimson imps
  A quasit (D:13)
  3 jellies
  22 orc priests
  A bullfrog skeleton (D:12)
  An iguana (D:9)
  16 orc wizards
  12 worker ants
  A killer bee zombie (D:6)
  4 ogre zombies (D:12)
  A hound skeleton (D:4)
  A worker ant zombie (D:6)
  14 gnolls
  A howler monkey skeleton (D:9)
  9 adders
  A river rat (D:7)
  4 shadow imps
  4 oozes (Lair:6)
  An adder skeleton (D:9)
  An adder zombie (D:8)
  5 worms
  A dart slug (D:3)
  7 leopard geckos
  71 orcs
  4 giant cockroaches
  7 goblins
  4 hobgoblins
  12 jackals
  4 kobolds
  4 quokkas
  12 bats
  7 frilled lizards
  10 orc zombies (D:12)
  5 rats
  A fungus (Lair:6)
  A plant (Lair:6)
572 creatures vanquished.

Vanquished Creatures (collateral kills)
  A storm dragon (Orc:2)
  Frances (D:12)
  Louise (D:14)
  The ghost of Gunzzzzmaster the Severer, a journeyman MiBe of Trog (Orc:1)
  A dire elephant (Lair:6)
  Josephine (D:10)
  A vault guard (D:13)
  Fannar (D:12)
  A hydra (D:15)
  A merfolk avatar (Lair:6)
  A two-headed ogre (D:15)
  2 tengu warriors (D:13)
  A shock serpent (Orc:2)
  9 skeletal warriors
  An unseen horror (D:15)
  2 wizards (D:13)
  3 orc knights
  2 orc sorcerers (Orc:2)
  A deep elf mage (D:13)
  3 ugly things
  A stone giant zombie (D:15)
  A guardian serpent (D:13)
  A centaur zombie (D:13)
  4 spiny frogs
  A kobold demonologist (D:15)
  A rime drake (Lair:2)
  2 komodo dragons
  A wind drake (Lair:6)
  3 trolls
  6 blink frogs
  3 dream sheep (Lair:2)
  A shadow (D:12)
  A vampire (D:13)
  11 yaks
  A wraith (D:10)
  3 wyverns
  A basilisk (D:12)
  A vampire mosquito (D:13)
  A warg (Orc:2)
  A soldier ant (D:13)
  An ice beast (D:12)
  9 orc warriors
  3 phantoms
  A wolf (Orc:2)
  An ogre (Orc:2)
  7 centaurs
  5 bullfrogs
  A killer bee (D:13)
  An orc wizard (Orc:2)
  6 orc priests
  A worker ant (D:6)
  4 ogre zombies (D:12)
  18 orcs
  3 goblin skeletons (D:12)
  A goblin zombie (D:12)
  2 hobgoblin zombies (D:12)
  3 orc skeletons (D:12)
  6 orc zombies (D:12)
153 creatures vanquished.

Vanquished Creatures (others)
  The ghost of HammerPanzer the Bludgeoner, a journeyman DsBe of Trog (D:15)
  A wizard (D:13)
  A wolf (Orc:2)
  A bullfrog (Orc:2)
  A killer bee (Orc:2)
  An orc wizard (D:4)
  2 worker ants (Orc:2)
  A ball lightning (Orc:2)
  A rat (Orc:2)
  7 fungi
  10 plants
  24 spectral weapons
  4 withered plants (D:15)
55 creatures vanquished.

Grand Total: 780 creatures vanquished

Notes
Turn   | Place    | Note
-------+----------+-------------------------------------------
     0 | D:1      | vatarom the Gnoll Skald began the quest for the Orb.
     0 | D:1      | Reached XP level 1. HP: 20/20 MP: 6/6
   142 | D:1      | Reached XP level 2. HP: 26/26 MP: 4/7
   368 | D:1      | Learned a level 2 spell: Shroud of Golubria
   958 | D:2      | Learned a level 2 spell: Song of Slaying
   973 | D:2      | Reached XP level 3. HP: 31/31 MP: 3/9
  1040 | D:2      | Reached skill level 5 in Spellcasting
  1069 | D:2      | Learned a level 3 spell: Spectral Weapon
  1075 | D:2      | Learned a level 3 spell: Regeneration
  1231 | D:2      | Reached skill level 1 in Invocations
  1472 | D:2      | Reached skill level 1 in Short Blades
  1472 | D:2      | Reached skill level 1 in Axes
  1472 | D:2      | Reached skill level 1 in Maces & Flails
  1472 | D:2      | Reached skill level 1 in Polearms
  1472 | D:2      | Reached skill level 1 in Staves
  1472 | D:2      | Reached skill level 1 in Slings
  1472 | D:2      | Reached skill level 1 in Bows
  1472 | D:2      | Reached skill level 1 in Crossbows
  1472 | D:2      | Reached skill level 1 in Throwing
  1472 | D:2      | Reached skill level 1 in Stealth
  1472 | D:2      | Reached skill level 1 in Shields
  1472 | D:2      | Reached skill level 1 in Unarmed Combat
  1472 | D:2      | Reached skill level 1 in Evocations
  1721 | D:2      | Reached XP level 4. HP: 36/38 MP: 8/11
  2489 | D:3      | Found a sparkling altar of Nemelex Xobeh.
  2490 | D:3      | Found an iron altar of Okawaru.
  2523 | D:3      | Became a worshipper of Nemelex Xobeh the Trickster
  2830 | D:4      | Received a gift from Nemelex Xobeh
  2839 | D:4      | Reached skill level 1 in Conjurations
  2839 | D:4      | Reached skill level 1 in Hexes
  2839 | D:4      | Reached skill level 1 in Summonings
  2839 | D:4      | Reached skill level 1 in Necromancy
  2839 | D:4      | Reached skill level 1 in Translocations
  2839 | D:4      | Reached skill level 1 in Transmutations
  2839 | D:4      | Reached skill level 1 in Fire Magic
  2839 | D:4      | Reached skill level 1 in Ice Magic
  2839 | D:4      | Reached skill level 1 in Air Magic
  2839 | D:4      | Reached skill level 1 in Earth Magic
  2839 | D:4      | Reached skill level 1 in Poison Magic
  2984 | D:4      | Noticed Duvessa
  3031 | D:4      | Killed Duvessa
  3031 | D:4      | Reached XP level 5. HP: 15/43 MP: 8/12
  3406 | D:4      | Reached XP level 6. HP: 43/50 MP: 8/13
  3457 | D:4      | Reached skill level 5 in Fighting
  3457 | D:4      | Reached skill level 5 in Long Blades
  3457 | D:4      | Reached skill level 5 in Dodging
  3468 | D:4      | Found the +4 Vampire's Tooth {vamp}
  3579 | D:4      | Noticed Dowan
  3591 | D:4      | Killed Dowan
  3591 | D:4      | Reached XP level 7. HP: 54/56 MP: 10/15
  3793 | D:4      | Learned a level 3 spell: Ozocubu's Armour
  3939 | D:4      | Found a shimmering altar of Xom.
  4084 | D:4      | Reached * piety under Nemelex Xobeh
  4209 | D:5      | Entered Level 5 of the Dungeon
  4715 | D:5      | Reached XP level 8. HP: 40/63 MP: 13/16
  5214 | D:5      | Noticed Kairos's ghost (novice HuFi)
  5622 | D:6      | Reached skill level 6 in Spellcasting
  6154 | D:6      | Received a gift from Nemelex Xobeh
  6221 | D:6      | Reached XP level 9. HP: 69/69 MP: 12/18
  6292 | D:7      | Reached ** piety under Nemelex Xobeh
  6414 | D:7      | Found a staircase to the Ecumenical Temple.
  6473 | Temple   | Entered the Ecumenical Temple
  6762 | D:7      | Noticed Menkaure
  7097 | D:7      | Killed Menkaure
  7284 | D:8      | Reached skill level 5 in Armour
  7323 | D:8      | Noticed Agrougrou's ghost (novice FoFi)
  7351 | D:8      | Killed Agrougrou's ghost
  7351 | D:8      | Reached skill level 5 in Invocations
  7410 | D:8      | Reached XP level 10. HP: 35/77 MP: 17/20
  7579 | D:8      | Reached skill level 7 in Spellcasting
  7653 | D:8      | Found Ximacw's Book Shop.
  7977 | D:8      | Reached *** piety under Nemelex Xobeh
  8039 | D:8      | Found a glowing silver altar of Zin.
  8203 | D:8      | Found a stormy altar of Qazlal.
  8203 | D:8      | Found a sacrificial altar of Ru.
  8208 | D:8      | Found an ornate altar of the Wu Jian Council.
  8212 | D:8      | Found an ancient bone altar of Kikubaaqudgha.
  8213 | D:8      | Found a shattered altar of Ashenzari.
  8397 | D:9      | Reached skill level 5 in Short Blades
  8397 | D:9      | Reached skill level 5 in Axes
  8397 | D:9      | Reached skill level 5 in Maces & Flails
  8397 | D:9      | Reached skill level 5 in Polearms
  8397 | D:9      | Reached skill level 5 in Staves
  8397 | D:9      | Reached skill level 5 in Slings
  8397 | D:9      | Reached skill level 5 in Bows
  8397 | D:9      | Reached skill level 5 in Crossbows
  8397 | D:9      | Reached skill level 5 in Throwing
  8397 | D:9      | Reached skill level 5 in Stealth
  8397 | D:9      | Reached skill level 5 in Shields
  8397 | D:9      | Reached skill level 5 in Unarmed Combat
  8397 | D:9      | Reached skill level 5 in Evocations
  8826 | D:9      | Found a staircase to the Lair.
  8852 | D:9      | Noticed a cyclops
  8874 | D:9      | Killed a cyclops
  8993 | D:9      | Learned a level 5 spell: Metabolic Englaciation
  9240 | D:9      | Received a gift from Nemelex Xobeh
  9495 | D:9      | Reached XP level 11. HP: 26/84 MP: 14/22
  9796 | D:10     | Entered Level 10 of the Dungeon
  9866 | D:10     | Received a gift from Nemelex Xobeh
 10254 | D:11     | Killed an unseen horror
 10317 | D:10     | Reached **** piety under Nemelex Xobeh
 10327 | D:10     | Received a gift from Nemelex Xobeh
 10335 | D:10     | Found Reugh's Antique Armour Emporium.
 10343 | D:10     | Bought a dazzling scale mail for 333 gold pieces
 10343 | D:10     | Identified the +6 scale mail "Quetoje" {rElec rN+++ MR- Int+3} (You bought it in a shop on level 10 of the Dungeon)
 10347 | D:10     | Gained mutation: You are agile. (Dex +2) [potion of mutation]
 10347 | D:10     | Gained mutation: Your system is resistant to poisons. (rPois) [potion of mutation]
 10386 | D:10     | Reached skill level 5 in Conjurations
 10386 | D:10     | Reached skill level 5 in Hexes
 10386 | D:10     | Reached skill level 5 in Summonings
 10386 | D:10     | Reached skill level 5 in Necromancy
 10386 | D:10     | Reached skill level 5 in Translocations
 10386 | D:10     | Reached skill level 5 in Transmutations
 10386 | D:10     | Reached skill level 5 in Fire Magic
 10386 | D:10     | Reached skill level 5 in Ice Magic
 10386 | D:10     | Reached skill level 5 in Air Magic
 10386 | D:10     | Reached skill level 5 in Earth Magic
 10386 | D:10     | Reached skill level 5 in Poison Magic
 10524 | D:10     | Noticed a two-headed ogre
 10537 | D:10     | Killed a two-headed ogre
 10537 | D:10     | Reached skill level 8 in Spellcasting
 11064 | Lair:1   | Entered Level 1 of the Lair of Beasts
 11064 | Lair:1   | Received a gift from Nemelex Xobeh
 11854 | Lair:1   | Received a gift from Nemelex Xobeh
 11917 | Lair:1   | Reached ***** piety under Nemelex Xobeh
 12784 | Lair:2   | Received a gift from Nemelex Xobeh
 12891 | Lair:2   | Reached XP level 12. HP: 29/93 MP: 24/24
 13261 | Lair:2   | Got a steaming ring mail
 13262 | Lair:2   | Identified the +2 ring mail "Cukk" {-Cast MR++ rCorr Dex-3} (You found it on level 2 of the Lair of Beasts)
 13498 | Lair:2   | Found a staircase to the Snake Pit.
 13957 | Lair:3   | Found a staircase to the Shoals.
 13967 | Lair:3   | Received a gift from Nemelex Xobeh
 14026 | Lair:3   | Identified the Volume of Blistering Transformation
 14563 | Lair:3   | Received a gift from Nemelex Xobeh
 14637 | Lair:3   | Got a scorched jade ring
 14638 | Lair:3   | Identified the ring "Woecsa" {*Contam +Inv rC+ Dex+6} (You found it on level 3 of the Lair of Beasts)
 14988 | Lair:4   | Received a gift from Nemelex Xobeh
 15098 | Lair:4   | Received a gift from Nemelex Xobeh
 15182 | Lair:4   | Reached ****** piety under Nemelex Xobeh
 15229 | Lair:4   | Reached skill level 9 in Spellcasting
 15348 | Lair:4   | Received a gift from Nemelex Xobeh
 15429 | Lair:4   | Learned a level 3 spell: Confuse
 15955 | Lair:5   | Received a gift from Nemelex Xobeh
 16376 | Lair:5   | Received a gift from Nemelex Xobeh
 16720 | Lair:6   | Entered Level 6 of the Lair of Beasts
 17219 | Lair:6   | Noticed a dire elephant
 17246 | Lair:6   | Killed a dire elephant
 17246 | Lair:6   | Reached XP level 13. HP: 91/101 MP: 18/26
 17879 | Lair:6   | Found a staircase to the Slime Pits.
 17958 | Lair:6   | Received a gift from Nemelex Xobeh
 18134 | Lair:6   | Got a coiled copper ring
 18145 | Lair:6   | Got a faintly glowing quarterstaff
 18151 | Lair:6   | Identified the cursed +1 quarterstaff "Puaghil" {freeze, *Rage +Rage rElec MR-} (You found it on level 6 of the Lair of Beasts)
 18184 | Lair:6   | Identified the ring "Pobloo" {rF+ Dex+3} (You found it on level 6 of the Lair of Beasts)
 18579 | Lair:6   | Received a gift from Nemelex Xobeh
 19190 | D:10     | Received a gift from Nemelex Xobeh
 19318 | D:10     | Noticed Josephine
 19329 | D:10     | Killed Josephine
 19823 | D:11     | Received a gift from Nemelex Xobeh
 20501 | D:12     | Noticed Frances
 20503 | D:12     | Received a gift from Nemelex Xobeh
 20511 | D:12     | Killed Frances
 20526 | D:12     | Noticed Fannar
 20535 | D:12     | Killed Fannar
 20543 | D:12     | Reached skill level 10 in Spellcasting
 20685 | D:12     | Found a staircase to the Orcish Mines.
 20748 | Orc:1    | Entered Level 1 of the Orcish Mines
 20794 | Orc:1    | Noticed Gunzzzzmaster's ghost (journeyman MiBe)
 20812 | Orc:1    | Killed Gunzzzzmaster's ghost
 20812 | Orc:1    | Reached XP level 14. HP: 89/109 MP: 24/28
 21059 | Orc:2    | Entered Level 2 of the Orcish Mines
 21059 | Orc:2    | Found Ipotuetu's General Store.
 21097 | Orc:2    | Received a gift from Nemelex Xobeh
 21430 | Orc:2    | Found a roughly hewn altar of Beogh.
 21482 | Orc:2    | Received a gift from Nemelex Xobeh
 21536 | Orc:2    | Found a roughly hewn altar of Beogh.
 21664 | Orc:2    | Noticed an orc warlord
 21681 | Orc:2    | Noticed a storm dragon
 21681 | Orc:2    | an orc warlord changed into a storm dragon
 21686 | Orc:2    | Reached skill level 10 in Fighting
 21686 | Orc:2    | Reached skill level 10 in Long Blades
 21686 | Orc:2    | Reached skill level 10 in Dodging
 21687 | Orc:2    | Paralysed by an orc sorcerer for 5 turns
 21790 | Orc:2    | Found a staircase to the Elven Halls.
 21818 | Orc:2    | Found a roughly hewn altar of Beogh.
 21837 | Orc:2    | Found a roughly hewn altar of Beogh.
 21838 | Orc:2    | Found a roughly hewn altar of Beogh.
 21879 | Orc:2    | Found a roughly hewn altar of Beogh.
 21880 | Orc:2    | Found Cenleyx's Assorted Antiques.
 21916 | Orc:2    | Bought a scroll labeled FAUREH ESI KUZ for 35 gold pieces
 21916 | Orc:2    | Bought a bloodstained buckler for 332 gold pieces
 21983 | Orc:2    | Found a roughly hewn altar of Beogh.
 22021 | Orc:2    | Found Yfoif's General Store.
 22168 | Orc:2    | Found Hisem's Antique Armour Emporium.
 22168 | Orc:2    | Found a roughly hewn altar of Beogh.
 22173 | Orc:2    | Found Imun's Antique Weapon Shoppe.
 22185 | Orc:2    | Bought a runed long sword for 188 gold pieces
 22193 | Orc:2    | Bought an ancient ring mail for 288 gold pieces
 22203 | Orc:2    | Identified the +7 ring mail of the Shining Light {rC+} (You bought it in a shop on level 2 of the Orcish Mines)
 22359 | Orc:2    | Killed a storm dragon
 22532 | D:12     | Got a pair of crude boots
 22538 | D:12     | Identified the cursed -5 pair of boots of the Other Side {Int+4} (You found it on level 12 of the Dungeon)
 22560 | D:12     | Received a gift from Nemelex Xobeh
 22723 | D:12     | Found Eskyoqai's Magic Scroll Shoppe.
 22730 | D:12     | Received a gift from Nemelex Xobeh
 22932 | D:13     | Noticed Maurice
 22963 | D:13     | Killed Maurice
 22978 | D:13     | HP: 2/110 [centaur/arrow (6)]
 23346 | Orc:2    | Identified the +3 buckler of Inference {-Cast +Inv rN+} (You bought it in a shop on level 2 of the Orcish Mines)
 23550 | D:13     | Reached skill level 10 in Invocations
 24141 | D:13     | Found a gate to the Vaults.
 24143 | D:13     | Received a gift from Nemelex Xobeh
 24313 | D:13     | Learned a level 2 spell: Blink
 24699 | D:13     | Found the +3 warlock's mirror {reflect}
 24892 | D:13     | Received a gift from Nemelex Xobeh
 25090 | D:14     | Reached XP level 15. HP: 113/117 MP: 27/29
 25371 | D:14     | Noticed Urug
 25436 | D:14     | Noticed Louise
 25452 | D:14     | Killed Louise
 25452 | D:14     | Reached skill level 10 in Armour
 25461 | D:14     | Killed Urug
 25869 | D:14     | Received a gift from Nemelex Xobeh
 25996 | D:14     | Found Muluint's Antique Weapon Emporium.
 26129 | D:15     | Entered Level 15 of the Dungeon
 26130 | D:15     | Noticed HammerPanzer's ghost (journeyman DsBe)
 26250 | D:15     | Killed HammerPanzer's ghost
 26342 | D:15     | Noticed Kirke
 26652 | D:15     | Reached skill level 11 in Spellcasting
 26691 | D:15     | Reached skill level 10 in Charms
 26741 | D:15     | Slain by a red ugly thing

Skill      XL: |  1  2  3  4  5  6  7  8  9 10 11 12 13 14 15 |
---------------+----------------------------------------------+-----
Spellcasting   | 5 6 7 8 9 10 11 | 11.0
Invocations    | 1 2 3 4 5 6 7 8 9 10 | 10.7
Short Blades   | 1 2 3 4 5 6 7 8 9 |  9.9
Axes           | 1 2 3 4 5 6 7 8 9 |  9.9
Maces & Flails | 1 2 3 4 5 6 7 8 9 |  9.9
Polearms       | 1 2 3 4 5 6 7 8 9 |  9.9
Staves         | 1 2 3 4 5 6 7 8 9 |  9.9
Slings         | 1 2 3 4 5 6 7 8 9 |  9.9
Bows           | 1 2 3 4 5 6 7 8 9 |  9.9
Crossbows      | 1 2 3 4 5 6 7 8 9 |  9.9
Throwing       | 1 2 3 4 5 6 7 8 9 |  9.9
Stealth        | 1 2 3 4 5 6 7 8 9 |  9.9
Shields        | 1 2 3 4 5 6 7 8 9 |  9.9
Unarmed Combat | 1 2 3 4 5 6 7 8 9 |  9.9
Evocations     | 1 2 3 4 5 6 7 8 9 |  9.9
Conjurations   | 1 2 3 4 5 6 7 8 |  8.3
Hexes          | 1 2 3 4 5 6 7 8 |  8.3
Summonings     | 1 2 3 4 5 6 7 8 |  8.3
Necromancy     | 1 2 3 4 5 6 7 8 |  8.3
Translocations | 1 2 3 4 5 6 7 8 |  8.3
Transmutations | 1 2 3 4 5 6 7 8 |  8.3
Fire Magic     | 1 2 3 4 5 6 7 8 |  8.3
Ice Magic      | 1 2 3 4 5 6 7 8 |  8.3
Air Magic      | 1 2 3 4 5 6 7 8 |  8.3
Earth Magic    | 1 2 3 4 5 6 7 8 |  8.3
Poison Magic   | 1 2 3 4 5 6 7 8 |  8.3
Armour         | 3 4 5 6 7 8 9 10 | 10.2
Fighting       | 5 6 7 8 9 10 | 10.8
Long Blades    | 5 6 7 8 9 10 | 10.8
Dodging        | 5 6 7 8 9 10 | 10.8
Charms         | 6 7 8 9 10 | 10.0

Action                   |  1- 3 |  4- 6 |  7- 9 | 10-12 | 13-15 || total
-------------------------+-------+-------+-------+-------+-------++-------
Melee: Falchion          |    91 |    94 |   464 |   448 |       ||  1097
       Bite              |     5 |    17 |    75 |   152 |   277 ||   526
       Dagger            |       |     4 |       |       |       ||     4
       Long sword        |       |       |       |   614 |  1138 ||  1752
       Unarmed           |       |       |       |       |     3 ||     3
Throw: Throwing net      |       |       |       |       |     1 ||     1
 Cast: Infusion          |     4 |       |     1 |     1 |       ||     6
       Shroud of Golubri |     5 |    12 |    31 |    73 |    65 ||   186
       Song of Slaying   |     1 |       |       |     1 |     4 ||     6
       Spectral Weapon   |     4 |     4 |    16 |    59 |    51 ||   134
       Regeneration      |       |       |     5 |    39 |    39 ||    83
       Metabolic Englaci |       |       |       |    12 |     2 ||    14
       Confuse           |       |       |       |       |    27 ||    27
Invok: Deal Four         |       |       |       |       |     1 ||     1
Evoke: Wand              |       |       |     1 |     3 |     5 ||     9
       Deck              |       |       |     3 |    21 |    55 ||    79
       Box of beasts     |       |       |       |     2 |     4 ||     6
       Sack of spiders   |       |       |       |       |     2 ||     2
       Phial of floods   |       |       |       |       |     2 ||     2
  Use: Scroll            |     7 |     4 |     5 |    13 |    13 ||    42
       Potion            |       |     7 |     3 |     5 |     4 ||    19
 Stab: Sleeping          |     1 |       |     1 |     7 |    11 ||    20
       Distracted        |       |     1 |     1 |    13 |    20 ||    35
       Paralysed         |       |       |       |       |     2 ||     2
       Confused          |       |       |       |       |    18 ||    18
  Eat: Chunk             |     2 |     2 |     5 |    29 |    35 ||    73
       Ration            |     1 |     2 |     3 |     5 |       ||    11
Armor: Leather armour    |    26 |    13 |       |       |       ||    39
       Skin              |       |    13 |       |       |       ||    13
       Ring mail         |       |    24 |   146 |   226 |    15 ||   411
       Scale mail        |       |       |       |   144 |   295 ||   439
Dodge: Dodged            |    91 |    62 |   284 |   706 |   788 ||  1931
Block: Buckler           |       |     9 |    95 |   338 |   429 ||   871
       Shield            |       |       |       |       |    87 ||    87
       Reflection        |       |       |       |       |     4 ||     4
       Rpst.: Falchion   |    20 |    21 |    84 |    96 |       ||   221
       Long sword        |       |       |       |   118 |   196 ||   314
